 Dungeon Crawl Stone Soup version 0.17-a0-1923-gc35365e (webtiles) character file.

1427 Japsu the Covered (level 8, -9/73 HPs)
             Began as a Minotaur Berserker on Sept 27, 2015.
             Was a Priest of Trog.
             Mangled by an orc warrior
             ... wielding a +0 long sword
              (21 damage)
             ... on level 6 of the Dungeon on Sept 28, 2015.
             The game lasted 00:46:38 (6144 turns).

Japsu the Covered (Minotaur Berserker)              Turns: 6144, Time: 00:46:40

Health: -9/73      AC:  8    Str: 24    XL:     8   Next: 44%
Magic:  7/7        EV: 13    Int:  4    God:    Trog [***...]
Gold:   56         SH:  0    Dex: 10    Spells: 0 memorised, 7 levels left

rFire  + . .     SeeInvis +     w - +2 mace (crush)
rCold  . . .     Clarity  .     p - +1 ring mail {rF+}
rNeg   + . .     SustAt   .     (no shield)
rPois  .         Gourm    .     (helmet restricted)
rElec  .         Spirit   .     I - +0 cloak
rCorr  .         Warding  +     (no gloves)
rMut   .         Stasis   .     (no boots)
MR     .....                    H - amulet of warding
Stlth  ..........               i - ring of invisibility
                                B - ring of see invisible

@: not resistant to hostile enchantments, extremely unstealthy
A: retaliatory headbutt, horns 2
a: Burn Spellbooks, Berserk, Trog's Hand, Renounce Religion, Evoke Invisibility


You were on level 6 of the Dungeon.
You worshipped Trog.
Trog was most pleased with you.
You were not hungry.

You visited 1 branch of the dungeon, and saw 6 of its levels.

You collected 309 gold pieces.
You spent 253 gold pieces at shops.

Inventory:

Hand weapons
 a - a +1 hand axe
 d - a +2 dagger of venom
 w - a +2 mace of crushing (weapon)
 x - a cursed -1 flail
 C - a +0 shortbow
Armour
 b - a +1 animal skin
 e - a +0 helmet
 f - a cursed +0 shield
 m - a +0 chain mail
 p - a +1 ring mail of fire resistance (worn)
 D - the +1 ring mail "Eceac" {*Corrode MR++ Str+5}
   (You found it on level 5 of the Dungeon)

   It affects your strength (+5).
   It affects your resistance to hostile enchantments.
   It may corrode your equipment when you take damage.
 I - a +0 cloak (worn)
Jewellery
 i - a ring of invisibility (right hand)
 q - an uncursed ring of wizardry
 B - a ring of see invisible (left hand)
 H - an amulet of warding (around neck)
Scrolls
 h - 2 scrolls of identify
 k - a scroll of enchant armour
 r - a scroll of immolation
 y - a scroll of teleportation
 E - a scroll of fog {unknown}
 G - a scroll of recharging
 J - a scroll of remove curse
Potions
 g - a potion of resistance
 j - a potion of haste
 n - 2 potions of heal wounds {unknown}
 s - a potion of agility {unknown}
 t - a potion of curing {unknown}
 u - a potion of might {unknown}
 z - a potion of mutation {unknown}
 F - a potion of poison {unknown}
Comestibles
 c - 4 bread rations
 l - 4 beef jerkies
 o - 2 meat rations
 v - 3 slices of pizza


   Skills:
 * Level 7.3 Fighting
 * Level 5.9(6.0) Axes
 * Level 1.9(4.1) Maces & Flails
 + Level 7.3 Armour
 + Level 6.3 Dodging


You had 7 spell levels left.
You didn't know any spells.

Dungeon Overview and Level Annotations

Branches:
Dungeon (6/15)
 Temple: D:4-7

Altars:
Nemelex Xobeh
Ru
Sif Muna
Vehumet
Zin

Shops:
D:5 *


Innate Abilities, Weirdness & Mutations

You reflexively headbutt those who attack you in melee.
You have a pair of horns on your head.


Message History

The orc throws a tomahawk.
The tomahawk hits you but does no damage.
The orc priest mumbles some strange prayers to Beogh against you.
Something smites you!
* * * LOW HITPOINT WARNING * * *
The orc warrior closely misses you.
A centaur skeleton comes into view.
You closely miss the orc priest. Your headbutt misses the orc priest.
The orc priest is almost dead.
The orc priest closely misses you.
The orc priest hits you but does no damage.
The orc warrior barely misses you. You furiously retaliate!
You headbutt the orc warrior. You hit the orc priest.
You kill the orc priest!
Trog accepts your kill. The orc priest closely misses you.
You furiously retaliate!
You headbutt the orc priest!
The orc warrior hits you with a long sword!!
You die...

### ..# ####.. .# ..##
....... #.###
...######........ ......
.......................
...............# #...# ###
..#............###...##...
..........................
..#............#@)........
...####........#oo........
...# ###......#o(........
...### #......###..)##..
.....# #.........%#.#
.....# #..........#.Z.
.....####...###...)#.....
.......#...........o......
............##.........o..


You could see an orc warrior, an orc priest, an orc and a centaur skeleton.

Vanquished Creatures
  An ice beast (D:5)
  5 ogres
  2 phantoms (D:4)
  A sky beast (D:6)
  A centaur (D:5)
  A water moccasin skeleton (D:5)
  A scorpion (D:4)
  A hound (D:5)
  2 orc priests
  2 orc wizards
  An iguana (D:5)
  A jelly (D:5)
  2 worker ants (D:5)
  A killer bee zombie (D:6)
  A hound skeleton (D:4)
  8 adders
  2 oozes
  3 worms
  2 adder skeletons
  9 orcs
  4 ball pythons
  8 giant cockroaches
  8 hobgoblins
  10 jackals
  A quokka (D:2)
  8 bats
  4 giant newts
  3 goblins
  7 kobolds
  8 rats
108 creatures vanquished.

Vanquished Creatures (others)
  An orc wizard (D:4)
1 creature vanquished.

Grand Total: 109 creatures vanquished

Notes
Turn   | Place    | Note
--------------------------------------------------------------
     0 | D:1      | Japsu the Minotaur Berserker began the quest for the Orb.
     0 | D:1      | Reached XP level 1. HP: 19/19 MP: 0/0
   299 | D:1      | Reached XP level 2. HP: 27/27 MP: 1/1
   508 | D:1      | Reached skill level 4 in Fighting
   744 | D:1      | Reached XP level 3. HP: 33/33 MP: 2/2
  1006 | D:2      | Acquired Trog's second power
  1795 | D:2      | Reached XP level 4. HP: 38/41 MP: 3/3
  1978 | D:3      | Found a sacrificial altar of Ru.
  2164 | D:3      | Found a sparkling altar of Nemelex Xobeh.
  2689 | D:4      | Noticed an ogre
  2695 | D:4      | Killed an ogre
  2695 | D:4      | Reached skill level 5 in Fighting
  2695 | D:4      | Reached XP level 5. HP: 22/48 MP: 4/4
  2911 | D:4      | Noticed a phantom
  2942 | D:4      | Killed a phantom
  2942 | D:4      | Reached XP level 6. HP: 38/56 MP: 5/5
  3119 | D:4      | Noticed an ogre
  3127 | D:4      | Killed an ogre
  3127 | D:4      | Reached skill level 5 in Axes
  3301 | D:4      | Noticed a phantom
  3337 | D:4      | Killed a phantom
  3337 | D:4      | Reached skill level 6 in Fighting
  3337 | D:4      | Reached XP level 7. HP: 21/63 MP: 6/6
  3699 | D:4      | Reached skill level 5 in Armour
  3996 | D:4      | Found a deep blue altar of Sif Muna.
  3998 | D:4      | Reached skill level 5 in Dodging
  4047 | D:4      | Found a radiant altar of Vehumet.
  4047 | D:4      | Found a glowing silver altar of Zin.
  4998 | D:5      | Entered Level 5 of the Dungeon
  5110 | D:5      | Got a twisted ring mail
  5210 | D:5      | Identified the cursed +1 ring mail "Eceac" {*Corrode MR++ Str+5} (You found it on level 5 of the Dungeon)
  5276 | D:5      | Upgraded the game from 0.17-a0-1920-gafa4d75 to 0.17-a0-1923-gc35365e
  5327 | D:5      | Reached XP level 8. HP: 65/71 MP: 7/7
  5442 | D:5      | Reached skill level 7 in Armour
  5506 | D:5      | Reached skill level 1 in Maces & Flails
  5800 | D:5      | Found Punguozo's General Store.
  5803 | D:5      | Bought an uncursed amulet of warding for 195 gold pieces
  5803 | D:5      | Bought a +0 cloak for 58 gold pieces
  6144 | D:6      | Mangled by an orc warrior

Vault maps used:
D:1:      dpeg_arrival_three_same_balls, kennysheep_boxes
D:3:      nemelex_xobeh_ov_fountains_minmay, nicolae_ru_awakened_eye
D:4:      gammafunk_temple_overflow_pools, led_sif_book, first_bread
D:5:      serial_shops, kennysheep_mini_moat
D:6:      minmay_temple_entry_statues

Action                   |  1- 3 |  4- 6 |  7- 9 || total
-------------------------+-------+-------+-------++-------
Melee: Hand axe          |    89 |   114 |    45 ||   248
       Mace              |       |       |    51 ||    51
Invok: Burn Spellbooks   |       |     1 |     1 ||     2
  Use: Scroll            |     7 |     5 |     6 ||    18
       Potion            |       |       |     4 ||     4
  Eat: Bread ration      |     1 |     1 |     2 ||     4
